 Dungeon Crawl Stone Soup version 0.28.0 (webtiles) character file.

Game seed: 8263908785990163136

121 horus123 the Magician (level 4, 0/25 HPs)
             Began as a Deep Elf Wanderer on Feb 14, 2022.
             Killed by divine providence
             ... invoked by an orc priest
              (12 damage)
             ... on level 3 of the Dungeon.
             The game lasted 00:06:27 (3444 turns).

horus123 the Magician (Deep Elf Wanderer)           Turns: 3444, Time: 00:06:28

Health: 0/25       AC:  2    Str:  9    XL:     4   Next: 77%
Magic:  1/13       EV: 11    Int: 19    God:
Gold:   96         SH:  0    Dex: 14    Spells: 10/13 levels left

rFire   . . .      SeeInvis .   g - +0 short sword
rCold   . . .      Faith    .   (no shield)
rNeg    . . .      Spirit   .   d - +0 robe
rPois   .          Reflect  .   c - +0 helmet
rElec   .          Harm     .   (no cloak)
rCorr   .          Rampage  .   (no gloves)
Will    .....                   (no boots)
Stlth   ++........              (no amulet)
HPRegen 0.08/turn               (no ring)
MPRegen 0.13/turn               (no ring)

@: no status effects
A: deformed body, subdued magic 1
a: no special abilities


You were on level 3 of the Dungeon.
You visited 1 branch of the dungeon, and saw 3 of its levels.

You collected 96 gold pieces.

Inventory:

Hand Weapons
 a - a +0 shortbow
 g - a +0 short sword (weapon)
Missiles
 b - 26 arrows
Armour
 c - a +0 helmet (worn)
 d - a +0 robe (worn)
Jewellery
 h - a +6 ring of dexterity
Scrolls
 e - a scroll of fog {unknown}
Potions
 f - a potion of resistance {unknown}
 i - a potion of berserk rage {unknown}
 j - a potion of flight {unknown}
 k - a potion of curing {unknown}


   Skills:
 - Level 1.0 Fighting
 - Level 1.3 Bows
 - Level 1.0 Armour
 - Level 1.2 Stealth
 - Level 5.0 Spellcasting
 + Level 2.9 Fire Magic
 - Level 4.0 Air Magic
 - Level 1.1 Evocations


You had 10 spell levels left.
You knew the following spells:

 Your Spells              Type           Power      Damage    Failure   Level
a - Shock                 Conj/Air       36%        1d5       4%          1
b - Scorch                Fire           24%        2d6       4%          2

Your spell library contained the following spells:

 Spells                   Type           Power      Damage    Failure   Level
 Corpse Rot               Necr/Air       18%        N/A       7%          2
 Airstrike                Air            7%         N/A       21%         4
 Flame Wave               Conj/Fire      7%         2d5       52%         4
 Summon Cactus Giant      Summ           1%         N/A       100%        6


Dungeon Overview and Level Annotations

Branches:
Dungeon (3/15)

Altars:
Xom

Shops:
D:1 :


Innate Abilities, Weirdness & Mutations

Armour fits poorly on your strangely shaped body.
Your spells are a little easier to cast, but a little less powerful.


Message History

The floor.
Casting: Shock (safe; 4% risk of failure)
Confirm with . or Enter, or press ? or * to list all spells.
Flames lash the orc priest.
The orc priest is almost dead.
The orc priest's fire resistance burns away.
You hear a shout!
The orc priest hits you with a +0 flail.
A goblin comes into view. It is wielding a +0 club.
The orc barely misses you.
Casting: Scorch (safe; 6% risk of failure)
Confirm with . or Enter, or press ? or * to list all spells.
Flames lash the orc wizard.
The orc wizard is almost dead.
The orc wizard's fire resistance burns away.
The orc priest misses you.
Unknown command.
The orc priest mumbles some strange prayers to Beogh against you.
Pain shoots through your body!
Casting: Scorch (safe; 6% risk of failure)
Confirm with . or Enter, or press ? or * to list all spells.
Flames lash the orc wizard.
The orc wizard is burned terribly!
You kill the orc wizard!
Your magical contamination has completely faded away.
Unknown command.
Casting: Scorch (safe; 4% risk of failure)
Confirm with . or Enter, or press ? or * to list all spells.
You don't have enough magic to cast this spell.
Aiming: Shock (safe; 4% risk of failure)
Press: ? - help, Q - select action, (/) - cycle Shift-Dir - straight line, f - orc priest
Aim: an orc priest, wielding a +0 flail (almost dead, more vulnerable to fire, 68% to hit)
The zap hits the orc priest.
The orc priest is almost dead.
The zap hits the orc.
You kill the orc!
The orc priest is no longer more vulnerable to fire.
The orc priest closely misses you.
The orc priest calls down the wrath of Beogh upon you.
Beogh smites you!
You die...

..#.###))....#
..............###.#
.....#####..)....#
....# #......## ...#
#g###..# ..#
###......# # #.#
#....o#..#
##.#.##.###.###.#.###
................@...#
##.#.##.######.####.#
.........# #.#
####.###.# #.
#♣♣♣♣'♣♣♣♣#. #
+.[.....+.. .#
♣.#...#.♣.. ..
♣.#._.#.♣####.#
♣.#...#.♣#....#


You could see an orc priest and a goblin.

Vanquished Creatures
  An orc wizard (D:3)
  Natasha (D:1)
  2 adders (D:2)
  2 orcs (D:3)
  2 endoplasms (D:1)
  3 giant cockroaches
  5 goblins
  3 hobgoblins
  6 jackals
  3 quokkas
  5 ball pythons
  4 bats
  4 frilled lizards
  5 kobolds
  6 rats
52 creatures vanquished.

Notes
Turn   | Place    | Note
-------+----------+-------------------------------------------
     0 | D:1      | horus123 the Deep Elf Wanderer began the quest for the Orb.
     0 | D:1      | horus123 set off with the following items: a +0 shortbow,
                  | 27 arrows, a +0 helmet, a +0 robe; and the following spell
                  | memorised: Shock; and the following spells available to
                  | memorise: Corpse Rot, Airstrike
     0 | D:1      | Reached XP level 1. HP: 12/12 MP: 5/5
    49 | D:1      | Reached skill level 2 in Spellcasting
   330 | D:1      | Reached skill level 3 in Spellcasting
   330 | D:1      | Reached XP level 2. HP: 16/16 MP: 2/8
   793 | D:1      | Reached skill level 4 in Spellcasting
   854 | D:1      | Found a faded altar of an unknown god.
   865 | D:1      | Found Nakidd's Book Shoppe.
  1227 | D:2      | Reached XP level 3. HP: 20/20 MP: 5/10
  1294 | D:2      | Learned a level 2 spell: Scorch
  1294 | D:2      | Noticed Natasha
  1303 | D:2      | HP: 1/20 [rat (3)]
  1877 | D:1      | HP: 1/20 [Natasha (7)]
  1878 | D:1      | Killed Natasha
  1879 | D:1      | Reached skill level 5 in Spellcasting
  2434 | D:2      | Reached skill level 1 in Fire Magic
  2434 | D:2      | Reached XP level 4. HP: 22/25 MP: 1/13
  2608 | D:2      | Gained mutation: Armour fits poorly on your strangely
                  | shaped body. [potion of mutation]
  2608 | D:2      | Gained mutation: Your spells are a little easier to cast,
                  | but a little less powerful. [potion of mutation]
  3389 | D:3      | Found a shimmering altar of Xom.
  3398 | D:3      | Identified the +5 kite shield of the World {Fly rF+ Stlth+}
  3444 | D:3      | Killed from afar by an orc priest

Illustrated notes

Levels and vault maps discovered:
D:1:      dpeg_arrival_three_same_balls, layout_basic, serial_shops, shop,
          ebering_ecumenical_altar_mist, minmay_pentomino_p2
D:2:      layout_basic, uniq_natasha
D:3:      layout_loops_cross, mainiacjoe_overflow_six_doors_small,
          kennysheep_decorative_pillar, minmay_misc_feat_columns,
          grunt_ministairs_3, serial_bayou_pond_d

Skill      XL: |  1  2  3  4 |
---------------+-------------+-----
Spellcasting   | 3 4 5 |  5.0
Fire Magic     | 1 2 |  2.9
Fighting       | |  1.0
Bows           | |  1.3
Armour         | |  1.0
Stealth        | |  1.2
Air Magic      | |  4.0
Evocations     | |  1.1

Action                   |  1- 3 |  4- 6 || total
-------------------------+-------+-------++-------
Melee: Dagger            |     3 |       ||     3
 Fire: Shortbow          |     5 |       ||     5
 Cast: Shock             |    97 |    45 ||   142
       Scorch            |       |     3 ||     3
  Use: Scroll            |     2 |     1 ||     3
       Potion            |       |     1 ||     1
Armor: Robe              |    11 |     4 ||    15
Dodge: Dodged            |    20 |    11 ||    31
